 Dungeon Crawl Stone Soup version 0.30.1-11-g7821555f0a (webtiles) character file.

Game seed: 1881228654774413843

9 Jerry the Cudgeller (level 2, 0/28 HPs)
             Began as a Troll Gladiator on Dec 8, 2023.
             Slain by a cerulean imp
             ... wielding a +2 spear
             ... summoned by Natasha
              (3 damage)
             ... while paralysed
             ... on level 2 of the Dungeon.
             The game lasted 00:02:16 (630 turns).

Jerry the Cudgeller (Troll Gladiator)                Turns: 630, Time: 00:02:16

Health: 0/28       AC:  4    Str: 18 (21) XL:     2   Next: 6%
Magic:  1/1        EV:  1    Int:  0 (4)  God:
Gold:   21         SH:  0    Dex:  7 (11) Spells: 1/1 levels left

rFire   + . .        a - +0 flail
rCold   + . .        (no shield)
rNeg    . . .        b - +0 robe
rPois   +            c - +0 hat
rElec   +            (no cloak)
rCorr   +            (gloves unavailable)
SInv    .            (boots unavailable)
Will    .....        (no amulet)
Stlth   +            (no ring)
HPRegen 1.04/turn    (no ring)
MPRegen 0.07/turn

%: no passive effects
@: paralysed, resistant, slowed, lost intelligence, unable to read
A: large, unfitting armour, claws 3, regeneration 1, shaggy fur 1, tough skin 1,
deterioration 1, noise suppression
a: no special abilities


You were on level 2 of the Dungeon.
You visited 1 branch of the dungeon, and saw 2 of its levels.

You collected 21 gold pieces.

Inventory:

Hand Weapons
 a - a +0 flail (weapon)
Missiles
 d - 3 throwing nets (quivered)
 e - a large rock
Armour
 b - a +0 robe (worn)
 c - a +0 hat (worn)
Scrolls
 g - a scroll of brand weapon {unknown}
 h - a scroll of noise {unknown}
 j - a scroll of identify {unknown}
 m - a scroll of torment {unknown}


   Skills:
 + Level 1.8 Fighting
 + Level 2.8 Maces & Flails
 + Level 2.0 Throwing
 + Level 2.5 Dodging


You had one spell level left.
You didn't know any spells.
Your spell library was empty.

Dungeon Overview and Level Annotations

Branches:
Dungeon (2/15)

Altars:

Shops:
D:1 *

Annotations:
D:2 Natasha


Innate Abilities, Weirdness & Mutations

You are too large for most types of armour.
You have claws for hands.
Your natural rate of healing is unusually fast.
You are covered in fur. (AC +1)
You have tough skin. (AC +1)
Your body sometimes deteriorates upon taking damage.
You passively dampen the noise of your surroundings.


Message History

* * * LOW HITPOINT WARNING * * *
The cerulean imp hits you from afar with a +1 spear.
* * * LOW HITPOINT WARNING * * *
It was a potion of curing.
You feel better. The adder closely misses you.
Natasha casts a spell.
The cerulean imp hits you from afar with a +1 spear.
It was a potion of mutation.
You feel extremely strange.
You feel yourself wasting away.
You feel your surroundings grow quieter.
The adder bites you but does no damage.
Natasha casts a spell.
The adder misses you.
The cerulean imp hits you from afar with a +1 spear.
The cerulean imp hits you from afar with a +0 spear.
* * * LOW HITPOINT WARNING * * *
Your body deteriorates!
You feel clumsy.
It was a potion of degeneration.
There was something very wrong with that liquid.
You feel weakened.
You feel dopey.
You feel clumsy. Natasha barely misses you. The adder bites you.
* * * LOW HITPOINT WARNING * * *
The cerulean imp hits you from afar with a +0 spear.
* * * LOW HITPOINT WARNING * * *
The cerulean imp hits you from afar with a +1 spear.
* * * LOW HITPOINT WARNING * * *
The cerulean imp closely misses you.
You feel better. The adder closely misses you. Natasha closely misses you.
The cerulean imp hits you but does no damage.
The cerulean imp hits you from afar with a +0 spear.
The cerulean imp completely misses you. Natasha attacks as you move away!
Natasha closely misses you. Natasha attacks as you move away!
Natasha claws you.
* * * LOW HITPOINT WARNING * * *
Your body deteriorates!
You feel dopey.
You have lost your intelligence.
The adder bites you but does no damage. Natasha claws you.
* * * LOW HITPOINT WARNING * * *
Your body deteriorates!
You feel weakened.
The cerulean imp hits you from afar with a +2 spear.
You die...

. .. .#######
......#####
#........#
...##........#
#.....5.5...#
#.##...S>...#
#..5h@...#
#....<...#
##########


You could see Natasha, 3 cerulean imps and an adder.

Vanquished Creatures
  A dart slug (D:1)
  A ball python (D:1)
  A bat (D:1)
  4 kobolds
  A rat (D:1)
8 creatures vanquished.

Notes
Turn   | Place    | Note
-------+----------+-------------------------------------------
     0 | D:1      | Jerry the Troll Gladiator began the quest for the Orb.
     0 | D:1      | Reached XP level 1. HP: 19/19 MP: 0/0
   311 | D:1      | Reached XP level 2. HP: 28/28 MP: 1/1
   468 | D:1      | Found Cesseuh's General Store.
   615 | D:2      | Noticed Natasha
   625 | D:2      | Gained mutation: Your body sometimes deteriorates upon
                  | taking damage. [potion of mutation]
   625 | D:2      | Gained mutation: You passively dampen the noise of your
                  | surroundings. [potion of mutation]
   629 | D:2      | Lost intelligence.
   630 | D:2      | Slain by a cerulean imp

Illustrated notes

Levels and vault maps discovered:
D:1:      amcnicky_arrival_single_pillar, layout_loops_cross, serial_shops,
          nicolae_shop_pleasant_corner_grove
D:2:      layout_rooms, uniq_natasha, uniq_terence, uniq_sigmund

Skill      XL: |  1 |
---------------+----+-----
Throwing       | 2 |  2.0
Fighting       | |  1.8
Maces & Flails | |  2.8
Dodging        | |  2.5

Action                     || total
---------------------------++-------
  Melee: Flail             ||    33
    Use: Potion            ||     5
 Armour: Robe              ||    17
  Dodge: Dodged            ||    26
